 Dungeon Crawl Stone Soup version 0.30-b1-2-g02819fbbbe (webtiles) character file.

Game seed: 776484616055895925

721 DavidChitty2 the Chopper (level 7, -7/61 HPs)
             Began as a Minotaur Fighter on May 16, 2023.
             Was a Follower of Makhleb.
             Mangled by mleeut's ghost (11 damage)
             ... on level 5 of the Dungeon.
             The game lasted 00:05:17 (4661 turns).

DavidChitty2 the Chopper (Minotaur Fighter)         Turns: 4661, Time: 00:05:17

Health: -7/61      AC: 13    Str: 23    XL:     7   Next: 43%
Magic:  7/7        EV:  8    Int:  5    God:    Makhleb [*.....]
Gold:   333        SH:  5    Dex:  9    Spells: 6/6 levels left

rFire   . . .        a - +0 war axe
rCold   . . .        c - +0 buckler
rNeg    . . .        s - +1 chain mail
rPois   .            b - +2 hat
rElec   .            (no cloak)
rCorr   .            (no gloves)
SInv    +            (no boots)
Will    +....        (no amulet) Stlth
                     o - ring of willpower
HPRegen 0.30/turn    z - ring of see invisible
MPRegen 0.10/turn

%: no passive effects
@: mighty, hasted, very quick
A: horns 2, retaliatory headbutt
a: Renounce Religion


You were on level 5 of the Dungeon.
You worshipped Makhleb.
Makhleb was aware of your devotion.
You visited 2 branches of the dungeon, and saw 6 of its levels.

You collected 333 gold pieces.

Inventory:

Hand Weapons
 a - a +0 war axe (weapon)
Armour
 b - a +2 hat (worn)
   (You found it on level 3 of the Dungeon)
 c - a +0 buckler (worn)
 s - a +1 chain mail (worn)
   (You found it on level 3 of the Dungeon)
Jewellery
 e - an amulet of faith {!P}
   (You found it on level 1 of the Dungeon)
 o - a ring of willpower (left hand)
   (You found it on level 2 of the Dungeon)
 z - a ring of see invisible (right hand)
   (You found it on level 3 of the Dungeon)
Wands
 t - a wand of flame (10)
   (You found it on level 4 of the Dungeon)
Scrolls
 f - a scroll of vulnerability {!r}
 g - 3 scrolls of teleportation {@r4}
 n - a scroll of immolation {!r}
 q - a scroll of fog
 r - 2 scrolls of identify {@r1}
Potions
 h - 3 potions of mutation {!q}
 i - 7 potions of curing {@q1}
 j - a potion of degeneration {unknown}
 k - a potion of attraction {unknown}
 l - 2 potions of brilliance
 m - a potion of cancellation
 p - a potion of resistance
 A - a potion of heal wounds {@q2}


   Skills:
 + Level 5.5 Fighting
 * Level 6.4 Axes
 + Level 5.5 Armour
 + Level 5.5 Shields
 + Level 1.8 Invocations


You had 6 spell levels left.
You didn't know any spells.
Your spell library contained the following spells:

 Spells                   Type           Power      Damage    Failure   Level
 Inner Flame              Hex/Fire       0%         N/A       100%        3
 Flame Wave               Conj/Fire      0%         2d4       100%        4
 Sticky Flame             Conj/Fire      0%         2d3       100%        4
 Blade Hands              Tmut           0%         N/A       100%        5
 Irradiate                Conj/Tmut      0%         3d11      100%        5
 Dragon Form              Tmut           0%         N/A       100%        7


Dungeon Overview and Level Annotations

Branches:
Dungeon (5/15)             Temple (1/1) D:4

Altars:
Ashenzari
Dithmenos
Elyvilon
Fedhas
Gozag
Makhleb
Okawaru
Qazlal
Ru
Sif Muna
Trog
Uskayaw
Vehumet
Wu Jian
Yredelemnul
Zin

Shops:
D:3 *

Annotations:
D:5 mleeut's ghost, novice MiFi


Innate Abilities, Weirdness & Mutations

You have a pair of horns on your head.
You reflexively headbutt those who attack you in melee.


Message History

There is an open door here.
Items here: )) [[.
There is an open door here.
You see here a +0 shortbow.
The white imp shouts, "Flounder, thou lumpish earth-vexing Cock-Lorel!"
The ogre shouts!
Key pressed, stopping explore.
Could not explore, unopened runed door.
Could not explore, unopened runed door.
Could not explore, unopened runed door.
You don't know any spells.
You open the gate. You hit the ogre. You headbutt the ogre.
You hit the white imp but do no damage. You block the white imp's attack.
The ogre hits you but does no damage.
Okay, then.
The white imp attacks as you move away!
The white imp hits you but does no damage.
The white imp gestures at you. You block the puff of frost.
The white imp gestures at you. The puff of frost hits you!
You feel yourself speed up.
You feel very mighty all of a sudden. The ogre closely misses you.
You barely miss the ogre. You completely miss the ogre.
The ogre hits you with a +0 giant club!!
You slice the ogre!! The ogre closely misses you.
You barely miss the ogre. You headbutt the ogre.
You kill the ogre!
Makhleb accepts your kill.
You feel better.
You barely miss the white imp. The white imp hits you.
The white imp freezes you.
You slash the white imp!
You kill the white imp!
Makhleb accepts your kill.
You slash mleeut's ghost! Your headbutt misses mleeut's ghost.
You hit mleeut's ghost. Mleeut's ghost hits you!
* * * LOW HITPOINT WARNING * * *
You hit mleeut's ghost. Mleeut's ghost hits you!
* * * LOW HITPOINT WARNING * * *
You hit mleeut's ghost but do no damage.
You headbutt mleeut's ghost! Mleeut's ghost hits you!
* * * LOW HITPOINT WARNING * * *
You hit mleeut's ghost but do no damage.
You headbutt mleeut's ghost! Mleeut's ghost closely misses you.
You barely miss mleeut's ghost. Mleeut's ghost hits you!
You die...

##.## #.###......W......#
##..###.##.....##.....###
#..)..........###....#
##..##.##........W...#
##.##.###.##..#.#####
####+##.# #.#.5.#.#.###
........# #...OWW.#...#
........###..######.#.#
.......>[..(..WW@.#.#.#
.......##..######.#.#.#
.......##..##.#
#.....#####
.......##..##.#
###.......#
.......##..##.###
#######.#
.......##..##...# #.#
.......##.....#.# #.#
.......###.##...# #.#
######## #.###..# #.#


You could see a phantom and mleeut's ghost.

Vanquished Creatures
  3 ogres
  A scorpion (D:4)
  A howler monkey (D:5)
  A hound (D:5)
  An orc priest (D:5)
  A sleepcap (D:4)
  An iguana (D:4)
  3 orc wizards
  4 adders
  3 white imps (D:5)
  2 ufetubi (D:5)
  2 worms
  4 dart slugs
  8 orcs
  7 endoplasms
  5 giant cockroaches
  10 goblins
  6 hobgoblins
  9 jackals
  12 kobolds
  6 quokkas
  4 ball pythons
  4 bats
  3 frilled lizards (D:1)
  2 rats (D:2)
103 creatures vanquished.

Notes
Turn   | Place    | Note
-------+----------+-------------------------------------------
     0 | D:1      | DavidChitty2 the Minotaur Fighter began the quest for the
                  | Orb.
     0 | D:1      | Reached XP level 1. HP: 19/19 MP: 0/0
    49 | D:1      | Reached XP level 2. HP: 27/27 MP: 1/1
   158 | D:1      | Reached skill level 3 in Axes
   346 | D:1      | Found a faded altar of an unknown god.
   436 | D:1      | Reached XP level 3. HP: 32/33 MP: 2/2
  1552 | D:3      | Reached XP level 4. HP: 15/40 MP: 3/3
  1554 | D:3      | Reached skill level 4 in Axes
  2477 | D:3      | Found Ypijulyl's Assorted Antiques.
  2572 | D:4      | Noticed an ogre
  2579 | D:4      | Killed an ogre
  2580 | D:4      | Reached XP level 5. HP: 5/47 MP: 4/4
  2842 | D:4      | Found a staircase to the Ecumenical Temple.
  2851 | D:4      | Reached skill level 5 in Axes
  2855 | D:4      | Reached XP level 6. HP: 36/55 MP: 5/5
  2858 | Temple   | Entered the Ecumenical Temple
  3100 | Temple   | Became a worshipper of Makhleb the Destroyer
  3135 | D:4      | Reached skill level 5 in Fighting
  3137 | D:4      | Reached skill level 5 in Armour
  3187 | D:4      | Found a hide-covered altar of Uskayaw.
  3429 | D:4      | Reached skill level 5 in Shields
  3933 | D:5      | Entered Level 5 of the Dungeon
  3977 | D:5      | Reached * piety under Makhleb
  4073 | D:5      | Reached skill level 1 in Invocations
  4143 | D:5      | Reached XP level 7. HP: 61/61 MP: 6/6
  4167 | D:5      | Reached skill level 6 in Axes
  4194 | D:5      | Found a runed translucent gate.
  4195 | D:5      | Found a runed translucent gate.
  4196 | D:5      | Found a runed translucent gate.
  4196 | D:5      | Noticed mleeut's ghost (novice MiFi)
  4294 | D:5      | Identified the +1 leather armour of the Yeti {rF- rC++
                  | Int+2 Dex-3}
  4659 | D:5      | HP: 3/61 [mleeut's ghost (7)]
  4661 | D:5      | Mangled by mleeut's ghost

Illustrated notes

Levels and vault maps discovered:
D:1:      dpeg_arrival_tiny_a, layout_loops_ring,
          dreamdust_ecumenical_altar_angels_and_demons
D:2:      layout_loops_cross, serial_co_window_serial,
          co_window_of_opportunity_a, co_window_corner_a, co_window_paths_b,
          co_window_corner_a, co_window_corner_a, co_window_corner_ca,
          co_window_broadway_c, co_window_of_opportunity_b, glass_columns_a,
          glass_columns_c, glass_columns_a
D:3:      layout_basic, serial_shops, nicolae_shop_pleasant_corner_grove
D:4:      minmay_razor_zed, layout_basic,
          nicolae_uskayaw_murder_on_the_dancefloor, minmay_temple_entry_glass,
          chequers_serial_rivers_small_b
D:5:      layout_basic, gammafunk_ghost_split
Temple:   nicolae_temple_bog_church

Skill      XL: |  1  2  3  4  5  6  7 |
---------------+----------------------+-----
Axes           | 3 4 5 6 |  6.4
Armour         | 4 5 |  5.5
Shields        | 4 5 |  5.5
Fighting       | 4 5 |  5.5
Invocations    | 1 |  1.8

Action                     |  1- 3 |  4- 6 |  7- 9 || total
---------------------------+-------+-------+-------++-------
  Melee: War axe           |    84 |   110 |    19 ||   213
         Headbutt          |     8 |    13 |     7 ||    28
    Use: Scroll            |       |    15 |     1 ||    16
         Potion            |       |       |     2 ||     2
 Armour: Scale mail        |    39 |     5 |       ||    44
         Chain mail        |       |    65 |     4 ||    69
  Dodge: Dodged            |    31 |    64 |     5 ||   100
  Block: Buckler           |    20 |    23 |     3 ||    46
